 Dungeon Crawl Stone Soup version 0.26-a0-54-g15ccc7ae60 (webtiles) character file.

Game seed: 6442400680324122531

867 vurker the Charmwright (level 8, 0/63 HPs)
             Began as a Gnoll Skald on June 7, 2020.
             Slain by Grinder (8 damage)
             ... on level 6 of the Dungeon.
             The game lasted 00:07:04 (3797 turns).

vurker the Charmwright (Gnoll Skald)                Turns: 3797, Time: 00:07:04

Health: 0/63       AC:  7    Str: 13    XL:     8   Next: 3%
Magic:  14/16      EV: 13    Int: 18    God:
Gold:   119        SH:  0    Dex: 15    Spells: 14/18 levels left

rFire    + . .     SeeInvis .   b - +0 dagger (holy)
rCold    + . .     Gourm    .   (no shield)
rNeg     . . .     Faith    .   C - +0 ring mail
rPois    +         Spirit   .   q - +0 helmet
rElec    +         Reflect  .   (no cloak)
rCorr    +         Harm     .   (no gloves)
MR       .....                  (no boots)
Stlth    ++........             x - amulet of regeneration
HPRegen  0.60/turn              z - ring of poison resistance
MPRegen  0.15/turn              (no ring)

@: resistant, hasted, very quick
A: distributed training, fangs 1, strong nose
a: no special abilities


You were on level 6 of the Dungeon.
You were not hungry.

You visited 1 branch of the dungeon, and saw 5 of its levels.

You collected 119 gold pieces.

Inventory:

Hand Weapons
 a - a +2 dagger of draining
   (You took it off a goblin on level 1 of the Dungeon)
 b - a +0 dagger of holy wrath (weapon)
   (You took it off Robin on level 3 of the Dungeon)
 f - a +0 spear
 y - a +0 vorpal war axe
   (You found it on level 4 of the Dungeon)
Armour
 q - a +0 helmet (worn)
   (You took it off Robin on level 3 of the Dungeon)
 C - a +0 ring mail (worn)
   (You found it on level 6 of the Dungeon)
Jewellery
 x - an amulet of regeneration (around neck)
   (You found it on level 4 of the Dungeon)
 z - a ring of poison resistance (left hand)
   (You found it on level 4 of the Dungeon)
Scrolls
 c - 8 scrolls of identify {unknown}
 d - a scroll of enchant weapon {unknown}
 h - 4 scrolls of teleportation {unknown}
 i - 4 scrolls of magic mapping
 j - a scroll of fear {unknown}
 m - 4 scrolls of fog
 p - a scroll of blinking {unknown}
 s - a scroll of remove curse {unknown}
 u - a scroll of random uselessness {unknown}
 w - a scroll of noise {unknown}
Potions
 k - a potion of brilliance {unknown}
 l - a potion of lignification {unknown}
 n - a potion of ambrosia {unknown}
 t - a potion of stabbing {unknown}
 A - a potion of curing
 B - a potion of magic {unknown}
Comestibles
 e - 6 rations
 r - a chunk of flesh


   Skills:
 + Level 5.4 Fighting
 + Level 2.8 Short Blades
 + Level 2.8 Long Blades
 + Level 2.8 Axes
 + Level 2.8 Maces & Flails
 + Level 5.4 Polearms
 + Level 2.8 Staves
 + Level 2.8 Slings
 + Level 2.8 Bows
 + Level 2.8 Crossbows
 + Level 2.8 Throwing
 + Level 3.9 Armour
 + Level 5.4 Dodging
 + Level 2.8 Stealth
 + Level 2.8 Shields
 + Level 2.8 Unarmed Combat
 + Level 5.8 Spellcasting
 + Level 2.3 Conjurations
 + Level 2.3 Hexes
 + Level 5.9 Charms
 + Level 2.3 Summonings
 + Level 2.3 Necromancy
 + Level 2.3 Translocations
 + Level 2.3 Transmutations
 + Level 2.3 Fire Magic
 + Level 2.3 Ice Magic
 + Level 2.3 Air Magic
 + Level 2.3 Earth Magic
 + Level 2.3 Poison Magic
 + Level 3.1 Invocations
 + Level 2.8 Evocations


You had 14 spell levels left.
You knew the following spells:

 Your Spells              Type           Power        Failure   Level  Hunger
a - Spectral Weapon       Hex/Chrm       ###.....     14%         3    ##.....
b - Infusion              Chrm           ####         2%          1    None

Your spell library contained the following spells:

 Spells                   Type           Power        Failure   Level  Hunger
 Song of Slaying          Chrm           ####....     3%          2    None
 Shroud of Golubria       Chrm/Tloc      ###...       7%          2    None
 Swiftness                Chrm/Air       ###.....     7%          2    None
 Corona                   Hex            ##.....      10%         1    None
 Shock                    Conj/Air       ##..         10%         1    None
 Ensorcelled Hibernation  Hex/Ice        ##....       14%         2    None
 Ozocubu's Armour         Chrm/Ice       ###.....     14%         3    ##.....
 Confusing Touch          Hex            ##......     28%         3    ##.....
 Dazzling Flash           Conj/Hex       ##....       28%         3    ##.....
 Static Discharge         Conj/Air       ##......     28%         3    ##.....
 Tukima's Dance           Hex            ##......     28%         3    ##.....
 Airstrike                Air            ##........   67%         4    ####...
 Lightning Bolt           Conj/Air       ##........   95%         5    #####..


Dungeon Overview and Level Annotations

Branches:
Dungeon (4/15)
 Temple: D:4-7

Altars:
Ashenzari
Dithmenos
Zin

Annotations:
D:3 2 transporters, Megalobster's ghost, amateur MiBe
D:6 Grinder


Innate Abilities, Weirdness & Mutations

Your experience applies equally to all skills.
You have very sharp teeth.
Your uncanny sense of smell can sniff out nearby items.


Message History

There is an open door here.
You aren't carrying any items that you can evoke without wielding.
Unknown command.
Grinder hits your spectral weapon.
Your spectral weapon shares its damage with you!
* * * LOW HITPOINT WARNING * * *
Your +0 dagger of holy wrath stops glowing.
Your spectral weapon disappears as you unwield.
You sense an unholy aura.
a - a +2 dagger of draining (weapon)
You hit Grinder but do no damage. Grinder hits you but does no damage.
You hit Grinder but do no damage. Grinder closely misses you.
You barely miss Grinder. You hit Grinder. You bite Grinder, but do no damage.
Grinder hits you.
* * * LOW HITPOINT WARNING * * *
Your +0 dagger of holy wrath softly glows with a divine radiance!
b - a +0 dagger of holy wrath (weapon)
Grinder hits you but does no damage.
You hit Grinder but do no damage. Your bite misses Grinder. Grinder hits you.
* * * LOW HITPOINT WARNING * * *
You writhe in agony.
* * * LOW HITPOINT WARNING * * *
It was a potion of haste.
You feel yourself speed up. Grinder hits you but does no damage.
You hit Grinder.
Grinder convulses.
You hit Grinder but do no damage. Grinder hits you.
* * * LOW HITPOINT WARNING * * *
You writhe in agony.
* * * LOW HITPOINT WARNING * * *
You hit Grinder.
Grinder convulses.
Grinder hits you.
* * * LOW HITPOINT WARNING * * *
You writhe in agony.
* * * LOW HITPOINT WARNING * * *
You closely miss Grinder. You hit Grinder.
Grinder convulses.
Grinder blinks!
Unknown command.
There is an open door here.
Your magical contamination has completely faded away.
You close the door.
It was a potion of resistance.
You feel protected.
As you read the scroll labeled RAOGHO ENWUA, it crumbles to dust.
You feel aware of your surroundings.
It was a scroll of magic mapping.
Okay, then.
As you read the scroll labeled SEGHYR EHIKIAN, it crumbles to dust.
The scroll dissolves into smoke.
It was a scroll of fog.
Grinder opens the door.
Grinder says, "There's only one good use for a tongue: cutting it out."
Grinder hits you!
You die...

.....#.....#.....#,,,,,*,,,*,,,,,
###'##########...#,,,,,*<,,**+***
..........^..##'##,,,,,*,,,,,,,,,
.............#...#,,,,,*,,,,,,,,,
.............'...#,,,,,*,,,,,,,,,
....[........#..[#,,,,,******,,,,
.########....#...#,,,,,,,,,,*****
##,,+,,,+....#..5#.......,>,,,,,,
*,,,*,,,#....###@#........,,,,,,,
*,,,**,,#....#§§§+..............,
**,,***+#....#§§§#.............,,
**,,,,,,#....#####.............,,
,*,,,,,,#.....................,,,
,+,,,,,,#...................#####
**,,,,,,#...................+....
,*,,**,,#...................#....
,*,,**,,###+#...............##'##


You could see Grinder.

Vanquished Creatures
  A water moccasin (D:6)
  3 ogres
  A scorpion (D:4)
  A water moccasin skeleton (D:4)
  2 hounds
  4 orc wizards
  2 worker ants
  2 worker ant zombies (D:6)
  Robin (D:3)
  2 adders
  3 gnolls (D:3)
  2 worms
  3 dart slugs
  A leopard gecko (D:1)
  11 orcs
  3 giant cockroaches
  18 goblins
  13 hobgoblins
  9 kobolds
  8 bats
  4 frilled lizards
  2 jackal skeletons (D:4)
  A quokka skeleton (D:4)
  10 rats
107 creatures vanquished.

Notes
Turn   | Place    | Note
-------+----------+-------------------------------------------
     0 | D:1      | vurker the Gnoll Skald began the quest for the Orb.
     0 | D:1      | Reached XP level 1. HP: 20/20 MP: 6/6
    80 | D:1      | Reached XP level 2. HP: 19/26 MP: 7/7
   579 | D:1      | Reached XP level 3. HP: 27/31 MP: 9/9
   703 | D:2      | Reached skill level 5 in Spellcasting
   730 | D:2      | Learned a level 3 spell: Spectral Weapon
   863 | D:2      | Reached skill level 1 in Invocations
   901 | D:2      | Found a glowing silver altar of Zin.
  1010 | D:2      | Found a shattered altar of Ashenzari.
  1014 | D:2      | Saw a vision of the Shoals and the Snake Pit.
  1014 | D:2      | Noticed a merfolk
  1014 | D:2      | Noticed a naga
  1014 | D:2      | Noticed a black mamba
  1014 | D:2      | Noticed a naga mage
  1014 | D:2      | Noticed a naga sharpshooter
  1014 | D:2      | Noticed an anaconda
  1014 | D:2      | Noticed a naga mage
  1014 | D:2      | Noticed a merfolk siren
  1014 | D:2      | Noticed a black mamba
  1014 | D:2      | Noticed a black mamba
  1014 | D:2      | Noticed a guardian serpent
  1015 | D:2      | Noticed a merfolk siren
  1069 | D:2      | Reached skill level 1 in Short Blades
  1069 | D:2      | Reached skill level 1 in Long Blades
  1069 | D:2      | Reached skill level 1 in Axes
  1069 | D:2      | Reached skill level 1 in Maces & Flails
  1069 | D:2      | Reached skill level 1 in Staves
  1069 | D:2      | Reached skill level 1 in Slings
  1069 | D:2      | Reached skill level 1 in Bows
  1069 | D:2      | Reached skill level 1 in Crossbows
  1069 | D:2      | Reached skill level 1 in Throwing
  1069 | D:2      | Reached skill level 1 in Stealth
  1069 | D:2      | Reached skill level 1 in Shields
  1069 | D:2      | Reached skill level 1 in Unarmed Combat
  1069 | D:2      | Reached skill level 1 in Evocations
  1227 | D:3      | Reached XP level 4. HP: 36/38 MP: 7/11
  1603 | D:3      | Noticed Robin
  1632 | D:3      | Killed Robin
  1632 | D:3      | Reached skill level 1 in Conjurations
  1632 | D:3      | Reached skill level 1 in Hexes
  1632 | D:3      | Reached skill level 1 in Summonings
  1632 | D:3      | Reached skill level 1 in Necromancy
  1632 | D:3      | Reached skill level 1 in Translocations
  1632 | D:3      | Reached skill level 1 in Transmutations
  1632 | D:3      | Reached skill level 1 in Fire Magic
  1632 | D:3      | Reached skill level 1 in Ice Magic
  1632 | D:3      | Reached skill level 1 in Air Magic
  1632 | D:3      | Reached skill level 1 in Earth Magic
  1632 | D:3      | Reached skill level 1 in Poison Magic
  1659 | D:3      | Reached XP level 5. HP: 33/43 MP: 1/12
  1765 | D:3      | Found a transporter.
  1776 | D:3      | Noticed Megalobster's ghost (amateur MiBe)
  1779 | D:3      | Identified the cursed +0 great mace "Pococ" {antimagic,
                  | rN++}
  1779 | D:3      | Noticed an ogre
  2050 | D:3      | Found a transporter.
  2534 | D:4      | Reached XP level 6. HP: 31/50 MP: 10/13
  3062 | D:4      | Found a shadowy altar of Dithmenos.
  3070 | D:4      | Reached skill level 5 in Fighting
  3070 | D:4      | Reached skill level 5 in Polearms
  3070 | D:4      | Reached skill level 5 in Dodging
  3300 | D:4      | Reached XP level 7. HP: 51/56 MP: 15/15
  3357 | D:4      | You fall into a shaft and drop 2 floors!
  3641 | D:6      | Reached XP level 8. HP: 51/63 MP: 16/16
  3751 | D:6      | Noticed Grinder
  3755 | D:6      | Paralysed by Grinder for 3 turns
  3763 | D:6      | Paralysed by Grinder for 7 turns
  3797 | D:6      | Slain by Grinder

Illustrated notes

Levels and vault maps discovered:
D:1:      scummos_arrival_star, layout_basic
D:2:      layout_rooms, zin_academy, grunt_ashenzari_visionary
          [grunt_ashenzari_visionary_shoals, grunt_ashenzari_visionary_snake]
D:3:      corexii_shack_village, layout_loops_ring, gammafunk_ghost_smash,
          grunt_decor_cap, minmay_misc_feat_encased, uniq_robin
D:4:      minmay_recursive_quarters, layout_basic,
          nicolae_dithmenos_the_darkroom
D:6:      layout_gridville, uniq_grinder, uniq_prince_ribbit1

Skill      XL: |  1  2  3  4  5  6  7 |
---------------+----------------------+-----
Spellcasting   | 5 |  5.8
Invocations    | 1 2 3 |  3.1
Short Blades   | 1 2 |  2.8
Long Blades    | 1 2 |  2.8
Axes           | 1 2 |  2.8
Maces & Flails | 1 2 |  2.8
Staves         | 1 2 |  2.8
Slings         | 1 2 |  2.8
Bows           | 1 2 |  2.8
Crossbows      | 1 2 |  2.8
Throwing       | 1 2 |  2.8
Stealth        | 1 2 |  2.8
Shields        | 1 2 |  2.8
Unarmed Combat | 1 2 |  2.8
Evocations     | 1 2 |  2.8
Conjurations   | 1 2 |  2.3
Hexes          | 1 2 |  2.3
Summonings     | 1 2 |  2.3
Necromancy     | 1 2 |  2.3
Translocations | 1 2 |  2.3
Transmutations | 1 2 |  2.3
Fire Magic     | 1 2 |  2.3
Ice Magic      | 1 2 |  2.3
Air Magic      | 1 2 |  2.3
Earth Magic    | 1 2 |  2.3
Poison Magic   | 1 2 |  2.3
Armour         | 3 |  3.9
Fighting       | 5 |  5.4
Polearms       | 5 |  5.4
Dodging        | 5 |  5.4
Charms         | |  5.9

Action                   |  1- 3 |  4- 6 |  7- 9 || total
-------------------------+-------+-------+-------++-------
Melee: Spear             |    18 |       |       ||    18
       Dagger            |    80 |   146 |    18 ||   244
       Bite              |     7 |    17 |     9 ||    33
       Punch             |     1 |       |       ||     1
       War axe           |       |    16 |    49 ||    65
 Cast: Spectral Weapon   |     1 |     2 |     2 ||     5
       Infusion          |       |     3 |     1 ||     4
  Use: Potion            |       |       |     3 ||     3
       Scroll            |       |       |     2 ||     2
 Stab: Sleeping          |     2 |     1 |       ||     3
       Distracted        |     1 |       |       ||     1
  Eat: Chunk             |     1 |     7 |     2 ||    10
Armor: Leather armour    |    25 |    30 |    12 ||    67
       Ring mail         |       |       |     7 ||     7
Dodge: Dodged            |    75 |   126 |    48 ||   249

Table legend:
 A = Non-vault XP
 B = Vault XP
 C = Vault XP percentage of total XP
 D = Non-vault monster count
 E = Vault monster count
 F = Vault count percentage of total count
                 A         B        C        D         E       F
            +---------+---------+-------+---------+---------+-------
      Total |     871 |     368 |  29.7 |      77 |      30 |  28.0
            +---------+---------+-------+---------+---------+-------
        D:1 |      36 |       0 |   0.0 |      21 |       0 |   0.0
        D:2 |      41 |       0 |   0.0 |      17 |       0 |   0.0
        D:3 |     106 |      59 |  35.8 |      17 |      23 |  57.5
        D:4 |     287 |     309 |  51.8 |      15 |       7 |  31.8
        D:6 |     401 |       0 |   0.0 |       7 |       0 |   0.0
            +---------+---------+-------+---------+---------+-------
